Map: Odyssey LE

Players

Dessa

  • Race: Zerg Zerg
  • League: Diamond
  • Spawn Location: 5:00

GroPask - Winner!

  • Race: Zerg Zerg
  • League: Diamond
  • Spawn Location: 11:00

VOD

Have the link to the VOD?

Description

Time

  • Played on: Jan. 11, 2018, 6:48 a.m.
  • Length: 4:47
Show
View Real Time Build Order
Export as new Build Order

Dessa Zerg 

Build Orders: Hatch First 

Get SALT Encoding   

  12  0:01  Drone  
  13  0:13  Overlord  
  13  0:17  Drone  
  14  0:31  Drone x2  
  14  0:35  Drone  
  17  0:52  Hatchery  
  17  0:56  Drone  
  17  1:01  Drone, Extractor  
  17  1:15  Spawning Pool  
  17  1:17  Drone  
  17  1:25  Drone  
  18  1:29  Overlord  
  18  1:41  Drone  
  19  2:04  Queen x2  
  19  2:06  Zergling x6  
  26  2:10  Metabolic Boost  
  26  2:14  Drone  
  27  2:23  Drone  
  27  2:27  Drone  
  29  2:38  Drone x2  
  29  2:42  Overlord  
  31  2:48  Drone  
  31  2:49  Drone  
  33  2:53  Baneling Nest  
  33  2:55  Drone  
  33  2:58  Drone  
  33  3:00  Queen  
  36  3:13  Drone x2  
  36  3:17  Roach Warren  
  36  3:18  Drone  
  36  3:19  Evolution Chamber  
  37  3:23  Evolution Chamber  
  36  3:29  Drone x2  
  36  3:33  Drone x2  
  40  3:49  Drone x4, Extractor x2  
  40  3:52  Baneling x2  
  40  3:55  Baneling  
  42  3:57  Zergling x4  
  43  4:17  Baneling  
Show
View Real Time Build Order
Export as new Build Order

GroPask Zerg - Winner!

Build Orders: Hatch First 

Get SALT Encoding   

  12  0:01  Drone  
  13  0:12  Overlord  
  13  0:16  Drone  
  14  0:31  Drone x2  
  14  0:35  Drone  
  17  0:54  Hatchery  
  17  0:56  Drone  
  17  1:00  Drone  
  17  1:03  Extractor  
  17  1:17  Spawning Pool  
  16  1:19  Drone  
  16  1:22  Drone  
  18  1:28  Drone  
  19  1:39  Overlord  
  19  2:06  Zergling x4  
  19  2:08  Queen x2  
  23  2:09  Metabolic Boost  
  25  2:31  Drone x3  
  25  2:35  Drone x2  
  30  2:39  Drone  
  31  2:46  Drone  
  32  2:54  Drone, Hatchery  
  32  2:55  Overlord  
  32  3:01  Baneling Nest  
  31  3:05  Drone  
  31  3:08  Overlord  
  32  3:21  Zergling x6  
  32  3:22  Zergling x6  
  32  3:23  Zergling x2  
  39  3:33  Zergling x4  
  41  3:48  Zergling x4  
  44  3:55  Zergling x4  
  44  3:56  Zergling x8  
  44  3:57  Overlord  
  49  4:06  Baneling x5  
  49  4:07  Baneling  
Tags
 
Matchup
ZvZ
Race
Zerg
Replay Pack
2017S4
Spawn Locations
Cross Positions
Add a new tag
Caveats
  • Supply blocks, unpowered buildings, or Contaminate may cause inaccurate times.
  • Supply counts are checked every 10 seconds.